 Dungeon Crawl Stone Soup version 0.29-a0-841-g116ddc6ace (webtiles) character file.

Game seed: 12484280724618585242

26667 omnomnOMINOUS the Prestidigitator (level 13, -14/93 HPs)
             Began as an Octopode Wanderer on July 1, 2022.
             Was the Champion of Fedhas.
             Demolished by a death yak (25 damage)
             ... on level 3 of the Lair of Beasts on July 14, 2022.
             The game lasted 01:12:26 (22522 turns).

omnomnOMINOUS the Prestidigitator (OpWn)           Turns: 22522, Time: 01:12:26

Health: -14/93     AC:  5    Str: 14    XL:     13   Next: 27%
Magic:  11/14      EV: 19    Int: 23    God:    Fedhas [******]
Gold:   668        SH: 11    Dex: 17    Spells: 2/14 levels left

rFire   . . .      SeeInvis +   a - +1 scimitar (flame)
rCold   . . .      Faith    .   G - +0 buckler
rNeg    + . .      Spirit   .   (helmet restricted)
rPois   .          Reflect  +   T - amulet of reflection
rElec   .          Harm     .   r - ring of positive energy
rCorr   .          Rampage  .   m - +4 ring of protection
Will    .....                   x - ring of see invisible
Stlth   +++.......              y - +6 ring of strength
HPRegen 0.25/turn               t - +6 ring of dexterity
MPRegen 0.14/turn               (no ring)
                                (no ring)
                                (no ring)

@: studying Evocations
A: almost no armour, amphibious, 8 rings, camouflage 1, gelatinous body 1,
(nimble swimmer 1), tentacles
a: Renounce Religion, Wall of Briars, Grow Ballistomycete, Overgrow, Grow Oklob


You were on level 3 of the Lair of Beasts.
You worshipped Fedhas.
Fedhas was exalted by your worship.
You visited 2 branches of the dungeon, and saw 15 of its levels.

You collected 816 gold pieces.
You spent 148 gold pieces at shops.

Inventory:

Hand Weapons
 a - a +1 scimitar of flaming (weapon)
 b - a +4 spear
 c - a -2 demon whip of venom
 d - a +2 short sword of freezing
 H - a +0 whip of draining
 I - a +2 dagger of draining
 K - a +1 spear of venom
 Q - a +2 spear of distortion
 R - a +2 long sword
 W - the +14 obsidian axe {vorpal, Mesm Drain Fly SInv}
   (You found it on level 3 of the Lair of Beasts)

   It inflicts extra damage upon your enemies.
   It occasionally summons demons to assist the wielder when it strikes in
   combat.
   Its wielder is mesmerised by any visible foes.
   It cannot be unequipped while any foes are visible.
   SInv:      It lets you see invisible.
   Fly:       It grants you flight.
   Drain:     It drains your maximum health when unequipped.
Missiles
 N - 10 curare-tipped darts (quivered)
Armour
 G - a +0 buckler (worn)
Magical Staves
 s - a staff of air
Jewellery
 k - an amulet of faith
 m - a +4 ring of protection (right tentacle)
 r - a ring of positive energy (left tentacle)
 t - a +6 ring of dexterity (on tentacle)
 x - a ring of see invisible (on tentacle)
 y - a +6 ring of strength (on tentacle)
 L - a ring of fire
 T - an amulet of reflection (around mantle)
 U - an amulet of guardian spirit
Wands
 u - a wand of polymorph (3)
 B - a wand of flame (44)
 C - a wand of digging (1)
 S - a wand of paralysis (1)
 Y - a wand of quicksilver (2)
Scrolls
 g - 2 scrolls of amnesia
 o - 4 scrolls of teleportation
 z - 4 scrolls of immolation
 A - a scroll of magic mapping
 D - 2 scrolls of poison
 F - 3 scrolls of noise
 V - 2 scrolls of enchant armour
 X - a scroll of fog {unknown}
Potions
 e - 4 potions of resistance
 f - 3 potions of curing
 h - a potion of magic
 i - a potion of might
 j - 2 potions of invisibility
 l - 2 potions of berserk rage
 n - 3 potions of mutation
 p - a potion of lignification
 q - 4 potions of attraction
 v - 2 potions of cancellation
 w - a potion of haste {unknown}
 E - 2 potions of brilliance {unknown}
 J - 2 potions of ambrosia {unknown}
 M - 2 potions of flight
Miscellaneous
 O - a piece from Xom's chessboard (15/15)
 P - a lightning rod (4/4)


   Skills:
 + Level 10.6 Fighting
 - Level 1.0 Throwing
 + Level 10.7 Dodging
 - Level 5.0 Shields
 - Level 1.0 Spellcasting
 - Level 4.0 Conjurations
 * Level 12.8 Summonings
 - Level 2.0 Air Magic
 + Level 13.4 Evocations


You had 2 spell levels left.
You knew the following spells:

 Your Spells              Type           Power      Damage    Failure   Level
a - Shock                 Conj/Air       56%        1d6       5%          1
b - Call Canine Familiar  Summ           56%        N/A       1%          3
c - Summon Horrible Thin  Summ           28%        N/A       99%         8

Your spell library contained the following spells:

 Spells                   Type           Power      Damage    Failure   Level
 Summon Small Mammal      Summ           100%       N/A       1%          1
 Static Discharge         Conj/Air       14%        3-5/arc   8%          2
 Beastly Appendage        Tmut           2%         N/A       19%         1
 Necrotise                Necr           4%         1d4       19%         1
 Wereblood                Tmut           1%         N/A       26%         2
 Dazzling Flash           Conj/Hex       20%        N/A       24%         3
 Ozocubu's Armour         Ice            1%         N/A       47%         3
 Spider Form              Tmut/Pois      1%         N/A       47%         3
 Vampiric Draining        Necr           1%         2d6       47%         3
 Iskenderun's Mystic Bla  Conj/Tloc      10%        2d4       61%         4
 Corpse Rot               Necr/Pois/Air  4%         N/A       80%         4
 Agony                    Necr           1%         N/A       99%         5
 Starburst                Conj/Fire      5%         6d4       100%        6
 Malign Gateway           Summ/Tloc      15%        N/A       100%        7
 Ozocubu's Refrigeration  Ice            0%         4d5       100%        7


Dungeon Overview and Level Annotations

Branches:
Dungeon (12/15)            Temple (0/1) D:7            Lair (3/6) D:11
  Swamp (0/4) Lair:2          Orc (0/2) D:12
  Snake: Lair:2-4    Spider: Lair:2-4

Altars:
Ashenzari
Dithmenos
Fedhas
Gozag
Hepliaklqana
Makhleb
Okawaru
Ru
Sif Muna
Uskayaw
Vehumet
Yredelemnul
The Shining One

Shops:
D:2 *   D:7 *

Annotations:
D:5 1 runed translucent door, blackman's ghost, weakling HuDe
D:7 1 runed translucent door
D:8 1 runed translucent door, chrisa4242's ghost, novice GrHu
D:9 exclusion: gargoyle


Innate Abilities, Weirdness & Mutations

You cannot wear most types of armour.
You are amphibious.
You can wear up to eight rings at the same time.
Your skin changes colour to match your surroundings (Stealth+).
Your rubbery body absorbs attacks. (AC +1, EV +1)
((You are camouflaged when in or above water. (Stealth+)))
You have tentacles for arms and can constrict up to eight enemies at once.


Message History

The death yak is heavily wounded.
Your warg bites the death yak!
The death yak completely misses you.
Your warg bites the death yak.
You hit the death yak. You burn the death yak.
The death yak is severely wounded.
Your warg bites the death yak!
The death yak gores you!!
You hit the death yak. You burn the death yak.
The death yak is almost dead.
Your warg bites the death yak.
The death yak dies!
Fedhas appreciates your contribution to the ecosystem.
Your warg bites the death yak!
The death yak gores you! The death yak attacks as you move away!
The death yak gores you. The death yak attacks as you move away!
The death yak misses you.
The death yak misses something.
The death yak attacks as you move away! The death yak barely misses you.
The death yak attacks as you move away! You block the death yak's attack.
Your warg bites the death yak but does no damage.
The death yak gores your warg! The death yak attacks as you move away!
You block the death yak's attack.
Your warg bites the death yak.
The death yak gores your warg!!
Your warg dies!
Your warg's corpse disappears in a puff of smoke!
You block the death yak's attack. The death yak attacks as you move away!
The death yak gores you!!
* * * LOW HITPOINT WARNING * * *
The death yak attacks as you move away! You block the death yak's attack.
Okay, then.
Unknown command.
Okay, then.
Unknown command.
A briar patch grows up from the ground. x5; The death yak misses you.
The death yak gores your briar patch.
Unknown command.
You wriggle carefully through the plants.
The death yak attacks as you move away! The death yak gores you!
* * * LOW HITPOINT WARNING * * *
The death yak attacks as you move away! The death yak gores you!!
You die...
Fedhas appreciates your contribution to the ecosystem.

.......(........#..#..####P...##
.###..####.#P##.#........<..Y.#
## #### #.#####.####P#.###.Y.#
.###### #..# #.# ######....#
......# #..####.##### ##...#
......####....##..##.#####.#..#
#P###...#.................#...#
####P.†........#....#....PP.>.#
#...#..#...##@P............##
##.#####...#PYP.............#
#...####...##YP...#........### #
##.##.......†........>......P#
#####..#..#...P#.)...............
.........##....##.......##.....#.
#..P.##.[............##.....P####
....................###.#...P#
#.............P.#.#..##.#....#


You could see 2 death yaks.

Vanquished Creatures
  A boulder beetle (D:11)
  Erica (D:8)
  3 two-headed ogres
  Erolcha (D:9)
  Amaemon (D:9)
  A black mamba (Lair:3)
  Joseph (D:8)
  A gargoyle (D:11)
  3 cane toads (Lair:1)
  2 komodo dragons
  An orange demon (D:9)
  2 rime drakes
  An unseen horror (D:11)
  2 polar bears (Lair:2)
  Prince Ribbit (D:8)
  A hornet (D:7)
  3 blink frogs (Lair:2)
  Sigmund (D:3)
  2 shadows
  2 wyverns (D:11)
  15 yaks
  A basilisk (D:7)
  A vampire mosquito (D:11)
  10 water moccasins
  An acid dragon (D:12)
  An ice beast (D:7)
  4 orc warriors
  A sky beast (D:8)
  2 black bears (D:5)
  10 wolves
  4 centaurs
  13 bullfrogs
  A kobold brigand (D:7)
  2 necrophages
  2 scorpions
  2 gnoll sergeants
  5 wights (D:9)
  8 killer bees
  2 howler monkeys (D:7)
  4 hounds
  7 orc priests
  A jelly (D:4)
  A gnoll bouda (D:9)
  Natasha (thrice) (D:3)
  Terence (D:3)
  4 iguanas
  9 orc wizards
  15 gnolls
  8 adders
  A shadow imp (D:5)
  A worm (D:4)
  4 dart slugs
  29 orcs
  7 ball pythons
  8 bats
  5 endoplasms
  7 giant cockroaches
  13 goblins
  9 hobgoblins
  9 jackals
  6 quokkas
  4 frilled lizards
  11 kobolds
  5 rats
288 creatures vanquished.

Vanquished Creatures (collateral kills)
  A boulder beetle (D:12)
  3 two-headed ogres
  2 death yaks (Lair:3)
  A black mamba (Lair:1)
  3 cane toads
  Psyche (D:9)
  2 trolls (D:12)
  A blink frog (Lair:2)
  A wraith (D:12)
  10 yaks
  3 vampire mosquitoes (D:12)
  4 water moccasins
  An ogre (D:7)
  2 wolves (Lair:3)
  5 wights
  3 killer bees (D:9)
  2 jellies (D:7)
  2 orc priests
  4 orcs
51 creatures vanquished.

Vanquished Creatures (others)
  An orc wizard (D:5)
  A bush (Lair:1)
  15 fungi
  23 plants
40 creatures vanquished.

Grand Total: 379 creatures vanquished

Notes
Turn   | Place    | Note
-------+----------+-------------------------------------------
     0 | D:1      | omnomnOMINOUS the Octopode Wanderer began the quest for the
                  | Orb.
     0 | D:1      | omnomnOMINOUS set off with the following items: a +0
                  | dagger, a potion of lignification, a +0 buckler; and the
                  | following spells available to memorise: Summon Small
                  | Mammal, Shock, Static Discharge, Call Canine Familiar,
                  | Corpse Rot.
     0 | D:1      | Reached XP level 1. HP: 13/13 MP: 2/2
     1 | D:1      | Upgraded the game from 0.29-a0-775-g4d7333d4e2 to
                  | 0.29-a0-830-gcb1280458a
     3 | D:1      | Learned a level 1 spell: Shock
   382 | D:1      | Reached XP level 2. HP: 18/18 MP: 1/3
   654 | D:1      | Reached skill level 1 in Conjurations
   683 | D:1      | Reached XP level 3. HP: 23/23 MP: 4/4
  1298 | D:1      | Found a faded altar of an unknown god.
  1313 | D:1      | Prayed at the altar of an unknown god.
  1313 | D:1      | Became a worshipper of Fedhas Madash
  1313 | D:1      | Reached * piety under Fedhas
  1569 | D:2      | Identified the +8 short sword of Corruption {freeze, rPois
                  | rF- Dex+4}
  1618 | D:2      | Found Lecyvali's Assorted Antiques.
  2510 | D:2      | Bought a scroll labelled GYOHETH ISHRO for 21 gold pieces
  2510 | D:2      | Bought an emerald potion for 18 gold pieces
  2510 | D:2      | Bought a blue potion for 18 gold pieces
  2593 | D:3      | Noticed Natasha
  2607 | D:3      | Killed Natasha
  2608 | D:3      | Reached XP level 4. HP: 29/29 MP: 5/5
  2663 | D:3      | Noticed Natasha
  2665 | D:3      | Noticed an orc warrior
  2712 | D:4      | Reached XP level 5. HP: 12/35 MP: 0/6
  2978 | D:4      | Found a faded altar of an unknown god.
  2978 | D:4      | Found a hazy altar of Hepliaklqana.
  2979 | D:4      | Found a faded altar of an unknown god.
  2981 | D:4      | Found a faded altar of an unknown god.
  3019 | D:4      | Reached ** piety under Fedhas
  3107 | D:4      | Reached XP level 6. HP: 28/41 MP: 0/7
  3744 | D:4      | Reached XP level 7. HP: 44/46 MP: 8/8
  3930 | D:3      | Killed Natasha
  4243 | D:2      | Bought a sedimented purple potion for 18 gold pieces
  4243 | D:2      | Bought a scroll labelled GYOHETH ISHRO for 21 gold pieces
  4243 | D:2      | Bought a scroll labelled KAAPAHYTUV for 21 gold pieces
  4387 | D:3      | Noticed Sigmund
  4398 | D:3      | Killed Sigmund
  4484 | D:3      | Noticed Terence
  4492 | D:3      | Killed Terence
  4635 | D:3      | Noticed Natasha
  4643 | D:3      | Killed Natasha
  4839 | D:3      | Reached *** piety under Fedhas
  5316 | D:5      | Entered Level 5 of the Dungeon
  5316 | D:5      | Found a runed translucent door.
  5609 | D:5      | Reached XP level 8. HP: 54/54 MP: 2/9
  5613 | D:5      | Learned a level 3 spell: Call Canine Familiar
  5647 | D:5      | Noticed blackman's ghost (weakling HuDe)
  5779 | D:5      | Found a broken altar of Ashenzari.
  5842 | D:5      | Reached skill level 5 in Shields
  5842 | D:5      | Found a hide-covered altar of Uskayaw.
  6297 | D:5      | Found an iron altar of Okawaru.
  6483 | D:5      | Found a radiant altar of Vehumet.
  6534 | D:6      | Reached **** piety under Fedhas
  6535 | D:6      | Reached skill level 5 in Dodging
  6680 | D:6      | Reached skill level 5 in Fighting
  7036 | D:6      | Found a shimmering blue altar of Sif Muna.
  7500 | D:7      | Found a staircase to the Ecumenical Temple.
  8017 | D:7      | Noticed a komodo dragon
  8033 | D:7      | Reached skill level 5 in Summonings
  8033 | D:7      | Reached XP level 9. HP: 41/61 MP: 6/10
  8056 | D:7      | Found a glowing golden altar of the Shining One.
  8058 | D:7      | Noticed a hornet
  8068 | D:7      | Killed a hornet
  8214 | D:7      | Found Reany's Serpentskin Sales.
  8229 | D:6      | Reached skill level 1 in Evocations
  8716 | D:7      | Reached skill level 2 in Evocations
  8785 | D:7      | Bought 4 curare-tipped darts for 31 gold pieces
  8931 | D:7      | Reached skill level 3 in Evocations
  8956 | D:7      | Killed a komodo dragon
  8957 | D:7      | Reached skill level 4 in Evocations
  9019 | D:7      | Found a runed translucent door.
  9020 | D:7      | Found a burning altar of Makhleb.
  9020 | D:7      | Noticed a sixfirhy
  9838 | D:8      | Noticed Prince Ribbit
  9881 | D:8      | Killed Prince Ribbit
  9882 | D:8      | Reached skill level 5 in Evocations
 10112 | D:8      | Reached XP level 10. HP: 69/69 MP: 11/11
 10123 | D:8      | Noticed Joseph
 10196 | D:8      | Reached skill level 6 in Evocations
 10459 | D:8      | Found a runed translucent door.
 10466 | D:8      | Killed Joseph
 10466 | D:8      | Reached ***** piety under Fedhas
 10471 | D:8      | Noticed chrisa4242's ghost (novice GrHu)
 11083 | D:8      | Found a sacrificial altar of Ru.
 11104 | D:8      | Noticed Erica
 11113 | D:8      | Killed Erica
 11114 | D:8      | Reached skill level 7 in Evocations
 11580 | D:9      | Found a basalt altar of Yredelemnul.
 11584 | D:9      | Noticed a gargoyle
 11788 | D:9      | Noticed a two-headed ogre
 11792 | D:9      | Killed a two-headed ogre
 11793 | D:9      | Reached skill level 8 in Evocations
 11810 | D:9      | Noticed Erolcha
 12027 | D:9      | Noticed an orange demon
 12108 | D:10     | Entered Level 10 of the Dungeon
 12157 | D:9      | Killed an orange demon
 12157 | D:9      | Noticed Amaemon
 12168 | D:9      | Killed Amaemon
 12169 | D:9      | Reached XP level 11. HP: 77/77 MP: 12/12
 12226 | D:9      | Killed Erolcha
 12227 | D:9      | Reached skill level 9 in Evocations
 12884 | D:9      | Found a shadowy altar of Dithmenos.
 13062 | D:9      | Learned a level 8 spell: Summon Horrible Things
 13686 | D:9      | Noticed Psyche
 13699 | D:9      | Killed Psyche
 13905 | D:9      | Noticed a two-headed ogre
 13912 | D:9      | Killed a two-headed ogre
 14290 | D:10     | Noticed a two-headed ogre
 14315 | D:10     | Found an opulent altar of Gozag.
 14752 | D:10     | Reached skill level 10 in Evocations
 15053 | D:10     | Killed a two-headed ogre
 15728 | D:11     | Noticed a two-headed ogre
 16059 | D:11     | Reached skill level 10 in Summonings
 16321 | D:11     | Noticed a boulder beetle
 16524 | D:11     | Noticed a boulder beetle
 16848 | D:11     | Killed a two-headed ogre
 16855 | D:11     | Reached XP level 12. HP: 76/85 MP: 9/13
 16905 | D:11     | Reached skill level 11 in Evocations
 17106 | D:11     | Found a staircase to the Lair.
 17166 | D:12     | Noticed a two-headed ogre
 17171 | D:12     | Noticed a boulder beetle
 17182 | D:12     | Killed a two-headed ogre
 17183 | D:12     | Killed a boulder beetle
 17197 | D:12     | Noticed a two-headed ogre
 17202 | D:12     | Killed a two-headed ogre
 17234 | D:12     | Noticed a boulder beetle
 17692 | D:11     | Killed a boulder beetle
 17904 | Lair:1   | Entered Level 1 of the Lair of Beasts
 17917 | Lair:1   | Reached skill level 12 in Evocations
 18154 | Lair:1   | Reached skill level 10 in Dodging
 18464 | Lair:1   | Reached skill level 10 in Fighting
 19259 | Lair:2   | Found a staircase to the Swamp.
 20198 | Lair:2   | Reached XP level 13. HP: 78/93 MP: 7/14
 20378 | Lair:2   | Reached ****** piety under Fedhas
 20380 | Lair:2   | Reached skill level 13 in Evocations
 21280 | Lair:3   | Found the +14 obsidian axe {vorpal, Mesm Drain Fly SInv}
 21571 | Lair:3   | Upgraded the game from 0.29-a0-830-gcb1280458a to
                  | 0.29-a0-834-g1e95ca9f62
 21571 | Lair:3   | Upgraded the game from 0.29-a0-834-g1e95ca9f62 to
                  | 0.29-a0-841-g116ddc6ace
 21626 | Lair:3   | Found a blossoming altar of Fedhas.
 22288 | Lair:3   | Identified the +1 pair of gloves of Vanity {Will+}
 22522 | Lair:3   | Demolished by a death yak

Illustrated notes

Levels and vault maps discovered:
D:1:      dpeg_arrival_lava_temple_mockup, layout_basic,
          ebering_ecumenical_altar_petrified
D:2:      layout_basic, serial_shops, nicolae_shop_hallway_plus,
          grunt_ministairs_1
D:3:      layout_loops_ring, uniq_terence, uniq_natasha, uniq_sigmund
D:4:      layout_basic, nicolae_hepliaklqana_ecumenical_no_more,
          mrwooster_statue_mirror
D:5:      layout_rooms, mainiacjoe_overflow_alcove_2,
          lemuel_coloured_pillars_altar, okawaru_altar_gauntlet_db,
          nicolae_ashenzari_skybound, hellmonk_ghost_happy_afterlife,
          grunt_decor_junction
D:6:      layout_loops_ring, mainiacjoe_overflow_surrounded_room
D:7:      cheibrodos_fzero, layout_loops_corners, tso_oasis_becter,
          nzn_makhleb_speed_demon, minmay_temple_entry_tees, guppyfry_shop_venom
D:8:      layout_loops_corners, nicolae_ru_great_annihilating_truth,
          ebering_ghost_reflecting_pool, uniq_prince_ribbit1, uniq_erica,
          uniq_joseph
D:9:      layout_stronghold, mainiacjoe_overflow_small_starburst,
          nicolae_dithmenos_shadow_blocks, uniq_amaemon, uniq_psyche,
          uniq_erolcha
D:10:     layout_basic, old_standard_altar
D:11:     layout_loops_ring, minmay_lair_entry_grove
D:12:     layout_big_octagon, david_orc_2, grunt_ministairs_4, elyvilon_altar_1
Lair:1:   layout_roguey, grunt_megastairs_5
Lair:2:   layout_cave_pods, swamp_mist
Lair:3:   layout_loops_ring, dreamdust_deal_with_the_devil, lemuel_oklob_altar

Skill      XL: |  1  2  3  4  5  6  7  8  9 10 11 12 13 |
---------------+----------------------------------------+-----
Conjurations   | 1 2 3 4 |  4.0
Dodging        | 2 3 4 5 6 8 9 10 | 10.7
Fighting       | 2 3 4 5 6 8 9 10 | 10.6
Shields        | 3 4 5 |  5.0
Summonings     | 5 6 8 10 12 | 12.8
Evocations     | 5 8 10 12 13 | 13.4
Throwing       | |  1.0
Spellcasting   | |  1.0
Air Magic      | |  2.0

Action                   |  1- 3 |  4- 6 |  7- 9 | 10-12 | 13-15 || total
-------------------------+-------+-------+-------+-------+-------++-------
Melee: Dagger            |    53 |       |     7 |       |       ||    60
       Constrict         |    29 |    19 |    66 |    54 |    10 ||   178
       Tentacles         |    18 |    18 |    71 |    92 |    10 ||   209
       Short sword       |    58 |    78 |   100 |       |       ||   236
       Punch             |     1 |       |     2 |     4 |     1 ||     8
       Long sword        |       |       |   151 |    48 |       ||   199
       Falchion          |       |       |     6 |       |       ||     6
       Scimitar          |       |       |       |   277 |    69 ||   346
Throw: Dart              |       |       |       |     1 |       ||     1
 Cast: Shock             |     7 |    12 |    66 |    11 |       ||    96
       Call Canine Famil |       |       |     7 |    44 |    12 ||    63
Invok: Wall of Briars    |       |       |     3 |     4 |     1 ||     8
Evoke: Wand              |       |       |    13 |    28 |       ||    41
       Piece from Xom's  |       |       |     4 |    11 |       ||    15
       Lightning rod     |       |       |       |     2 |       ||     2
  Use: Scroll            |       |     3 |     6 |    26 |     3 ||    38
       Potion            |       |     1 |     4 |    12 |       ||    17
 Stab: Sleeping          |     6 |     2 |     4 |     6 |       ||    18
       Paralysed         |       |       |     6 |    19 |       ||    25
       Petrified         |       |       |     1 |     3 |       ||     4
       Distracted        |       |       |       |     2 |     2 ||     4
       Confused          |       |       |       |     1 |       ||     1
       Invisible         |       |       |       |     1 |       ||     1
Armor: Skin              |     8 |    20 |    55 |    47 |    11 ||   141
Dodge: Dodged            |    65 |    51 |   181 |   288 |    61 ||   646
Block: Buckler           |    17 |    14 |    73 |    89 |    35 ||   228

Table legend: (Time is in decaauts)
 A = Elapsed time spent in this place.
 B = Non-inter-level travel time spent in this place.
 C = Inter-level travel time spent in this place.
 D = Time resting spent in this place.
 E = Time spent auto-exploring this place.
 F = Levels seen in this place.
 G = Mean time per level.
                   A        B        C        D        E       F      G
               +--------+--------+--------+--------+--------+-----+--------+
         Total |  22844 |  21873 |    971 |   7573 |  10145 |  15 | 1522.9 |
       Dungeon |  18136 |  17364 |    772 |   5796 |   8193 |  12 | 1511.3 |
          Lair |   4707 |   4508 |    199 |   1777 |   1951 |   3 | 1569.0 |
               +--------+--------+--------+--------+--------+-----+--------+

Top non-repeatable levels by time:
     D:9: 2836 daAuts
  Lair:2: 2056 daAuts
     D:7: 2022 daAuts
    D:10: 1830 daAuts
     D:8: 1759 daAuts
    D:11: 1703 daAuts
  Lair:1: 1697 daAuts
     D:1: 1558 daAuts
     D:4: 1477 daAuts
     D:2: 1373 daAuts
     D:5: 1208 daAuts
     D:3: 1168 daAuts
     D:6: 1071 daAuts
  Lair:3: 954 daAuts
    D:12: 128 daAuts
